 Dungeon Crawl Stone Soup version 0.17-a0-15-g0155121 (webtiles) character file.

1235 Psiweapon the Quickloader (level 8, 0/48 HPs)
             Began as a Kobold Hunter on Mar 5, 2015.
             Was an Initiate of Dithmenos.
             Slain by a human
             ... wielding a +0 hand axe
              (3 damage)
             ... on level 7 of the Dungeon.
             The game lasted 00:25:46 (6244 turns).

Psiweapon the Quickloader (Kobold Hunter)           Turns: 6244, Time: 00:25:46

Health: 0/48       AC:  4    Str: 11    XL:     8   Next: 77%
Magic:  8/8        EV: 17    Int:  9    God:    Dithmenos [......]
Gold:   354        SH:  0    Dex: 18    Spells: 0 memorised, 7 levels left

rFire  . . .     SeeInvis .     c - +3 hand axe (chop)
rCold  + . .     Clarity  .     d - +0 leather armour
rNeg   . . .     SustAb   .     (no shield)
rPois  .         Gourm    .     F - +0 hat
rElec  .         Spirit   .     (no cloak)
rCorr  .         Warding  .     C - +0 pair of gloves
rMut   .         Stasis   .     (no boots)
MR     .....                    (no amulet)
Stlth  +++.......               (no ring)
                                z - ring of protection from cold

@: not resistant to hostile enchantments, fairly stealthy
A: carnivore 3
a: Renounce Religion


You were on level 7 of the Dungeon.
You worshipped Dithmenos.
Dithmenos was noncommittal.
You were very full.

You visited 2 branches of the dungeon, and saw 8 of its levels.

You collected 354 gold pieces.

Inventory:

Hand weapons
 a - a +0 short sword
 b - a +1 hand crossbow
 c - a +3 hand axe of chopping (weapon)
 N - a +0 blowgun
Missiles
 e - 5 tomahawks (quivered)
 p - 19 bolts
 u - 5 steel bolts
 M - 15 poisoned needles
Armour
 d - a +0 leather armour (worn)
 C - a +0 pair of gloves (worn)
 F - a +0 hat (worn)
Jewellery
 z - a ring of protection from cold (left hand)
Magical devices
 w - a wand of slowing (13)
 J - a wand of draining (0)
 O - a wand of polymorph (11)
Scrolls
 h - 10 scrolls of identify {unknown}
 i - a scroll of enchant weapon {unknown}
 j - 3 scrolls of teleportation {unknown}
 n - 5 scrolls of remove curse {unknown}
 o - a scroll of noise {unknown}
 x - 2 scrolls of fog {unknown}
 y - a scroll of magic mapping {unknown}
 B - 3 scrolls of enchant armour {unknown}
 I - 3 scrolls of vulnerability {unknown}
 Q - a scroll of recharging {unknown}
Potions
 g - a potion of ambrosia {unknown}
 k - a potion of resistance {unknown}
 l - 2 potions of curing {unknown}
 m - 2 potions of flight {unknown}
 q - 2 potions of heal wounds {unknown}
 r - 3 potions of might {unknown}
 s - 2 potions of mutation {unknown}
 t - a potion of invisibility {unknown}
 A - a potion of lignification {unknown}
 E - 2 potions of berserk rage {unknown}
 H - a potion of cure mutation {unknown}
 P - 2 potions of magic {unknown}
Books
 v - a book of Summonings

   Spells                             Type                      Level
   a - Abjuration                     Summoning                    3
   b - Recall                         Summoning/Translocation      3
   c - Shadow Creatures               Summoning                    5
   d - Summon Demon                   Summoning                    5
   e - Summon Forest                  Summoning/Translocation      5
   f - Monstrous Menagerie            Summoning                    6
Comestibles
 f - 5 meat rations
 D - a royal jelly
 G - 2 beef jerkies
 K - a slice of pizza
 L - 2 chunks of flesh


   Skills:
 + Level 4.7 Fighting
 - Level 10.0 Crossbows
 + Level 0.2 Armour
 - Level 5.3 Dodging
 - Level 5.1 Stealth


You had 7 spell levels left.
You didn't know any spells.

Dungeon Overview and Level Annotations

Branches:
Dungeon (7/15)             Temple (1/1) D:6

Altars:
Ashenzari
Cheibriados
Dithmenos
Elyvilon
Fedhas
Gozag
Kikubaaqudgha
Nemelex Xobeh
Okawaru
Qazlal
Ru
Sif Muna
Trog
Vehumet
Xom
Yredelemnul
Zin
The Shining One

Annotations:
D:5 exclusion: downstairs


Innate Abilities, Weirdness & Mutations

You are small and have problems with some larger weapons.
You are carnivorous and can eat meat at any time.


Message History

Zapping:
J - a wand of draining {zapped: 4} (will waste charges)
Press: ? - help, Shift-Dir - straight line, f - yak, p - human
Aim: a yak (moderately wounded, lightly drained)
Okay, then.
Evoke which item? (* to show all) (? for menu, Esc to quit)
Zapping:
J - a wand of draining {zapped: 4} (will waste charges)
Press: ? - help, Shift-Dir - straight line, f/p - human
Aim: a human, wielding a hand axe and wearing an animal skin (almost dead, lightly drained)
The bolt of negative energy misses the human.
The bolt of negative energy hits the yak.
The yak is drained!
The yak is severely wounded.
Evoking this partially-identified wand wasted a few charges.
The human barely misses you.
Evoke which item? (* to show all) (? for menu, Esc to quit)
Zapping:
J - a wand of draining {zapped: 6} (will waste charges)
Press: ? - help, Shift-Dir - straight line, f/p - human
Aim: a human, wielding a hand axe and wearing an animal skin (almost dead, lightly drained) Nothing appears to happen.
The human hits you with a hand axe.
You die...

#........#
#........#
#.....)..#
##........#
#...Y.....#
#.##...####
#Y###'## #p###YY#
#@#.#.Y#..
##...#.('..#
#....#%.#..#
.######..#.#%%#..#
#...........######
.........####
.........#
..........#
..........# #


You could see a yak and a human.

Vanquished Creatures
  An ice beast (D:6)
  2 phantoms
  An ogre (D:6)
  A crimson imp (D:6)
  3 hounds
  6 orc priests
  5 orc wizards
  3 iguanas
  3 worker ants
  A sheep (D:7)
  6 gnolls
  6 adders
  A giant mite (D:2)
  A shadow imp (D:6)
  6 worms
  4 giant geckos
  17 orcs
  A ball python (D:1)
  A bat zombie (D:6)
  2 giant cockroaches (D:1)
  11 hobgoblins
  11 jackals
  7 kobolds
  3 bats
  3 giant gecko skeletons
  3 giant newts
  11 goblins
  2 quokkas
  A quokka skeleton (D:5)
  11 rats
134 creatures vanquished.

Notes
Turn   | Place    | Note
--------------------------------------------------------------
     0 | D:1      | Psiweapon, the Kobold Hunter, began the quest for the Orb.
     0 | D:1      | Reached XP level 1. HP: 12/12 MP: 1/1
   103 | D:1      | Reached XP level 2. HP: 15/17 MP: 2/2
   386 | D:1      | Reached XP level 3. HP: 3/21 MP: 3/3
   938 | D:2      | Reached XP level 4. HP: 26/26 MP: 4/4
   970 | D:2      | Reached skill level 5 in Stealth
  1032 | D:2      | Reached skill level 5 in Crossbows
  1254 | D:2      | Found a snail-covered altar of Cheibriados.
  1591 | D:2      | Reached XP level 5. HP: 30/30 MP: 5/5
  2074 | D:3      | Found a blossoming altar of Fedhas.
  2086 | D:3      | Reached skill level 6 in Crossbows
  2569 | D:4      | Noticed a phantom
  2580 | D:4      | Killed a phantom
  2580 | D:4      | Reached skill level 7 in Crossbows
  2580 | D:4      | Reached XP level 6. HP: 35/35 MP: 6/6
  3154 | D:4      | Reached skill level 8 in Crossbows
  3244 | D:4      | Reached XP level 7. HP: 28/40 MP: 7/7
  3967 | D:5      | Entered Level 5 of the Dungeon
  4003 | D:5      | Reached skill level 9 in Crossbows
  4311 | D:5      | Found a glowing golden altar of the Shining One.
  4465 | D:5      | Found an iron altar of Okawaru.
  4470 | D:5      | Found a bloodstained altar of Trog.
  4850 | D:5      | Reached skill level 10 in Crossbows
  4870 | D:5      | Reached XP level 8. HP: 44/44 MP: 8/8
  5513 | D:6      | Found a staircase to the Ecumenical Temple.
  5523 | Temple   | Entered the Ecumenical Temple
  5738 | D:6      | Found a shadowy altar of Dithmenos.
  5746 | D:6      | Became a worshipper of Dithmenos the Shadowed
  5798 | D:6      | Found an opulent altar of Gozag.
  6090 | D:6      | Reached skill level 5 in Dodging
  6183 | D:7      | Found a shadowy altar of Dithmenos.
  6244 | D:7      | Slain by a human

Action                   |  1- 3 |  4- 6 |  7- 9 || total
-------------------------+-------+-------+-------++-------
Melee: Short sword       |    38 |    14 |     5 ||    57
       Hand axe          |     1 |    30 |    65 ||    96
 Fire: Hand crossbow     |    41 |    83 |   149 ||   273
Throw: Tomahawk          |     1 |       |       ||     1
Evoke: Wand              |       |       |     5 ||     5
 Stab: Sleeping          |     3 |     6 |     4 ||    13
       Distracted        |       |       |     1 ||     1
  Eat: Chunk             |     8 |     1 |    14 ||    23
